 Dungeon Crawl Stone Soup version 0.19-a0-1189-g9dc3488 (webtiles) character file.

49 Kugarra the Chiller (level 3, -1/24 HPs)
             Began as a Vampire Ice Elementalist on Aug 19, 2016.
             Slain by an adder (3 damage)
             ... on level 1 of the Dungeon.
             The game lasted 00:06:02 (858 turns).

Kugarra the Chiller (Vampire Ice Elementalist)       Turns: 858, Time: 00:06:02

Health: -1/24      AC:  2    Str:  7    XL:     3   Next: 53%
Magic:  3/6        EV: 12    Int: 18    God:
Gold:   52         SH:  0    Dex: 14    Spells: 2 memorised, 4 levels left

rFire  . . .     SeeInvis +     g - +0 dagger
rCold  . . .     Gourm    .     a - +0 robe
rNeg   + . .     Faith    .     (no shield)
rPois  .         Spirit   .     (no helmet)
rElec  .         Dismiss  .     (no cloak)
rCorr  .         Reflect  .     (no gloves)
MR     .....     Harm     .     (no boots)
Stlth  ++........               (no amulet)
                                (no ring)
                                (no ring)

@: lethally poisoned (-1 -> -4)
A: fangs 3, see invisible, unbreathing
a: Bat Form


You were on level 1 of the Dungeon.
You were not thirsty.

You visited 1 branch of the dungeon, and saw 2 of its levels.

You collected 52 gold pieces.

Inventory:

Hand Weapons
 g - a +0 dagger (weapon)
Armour
 a - a +0 robe (worn)
Scrolls
 d - 3 scrolls of teleportation
 e - 3 scrolls of remove curse
 f - 3 scrolls of identify
 h - a scroll of immolation
Potions
 c - a potion of blood
Books
 b - a book of Frost

   Spells                             Type                      Level
   a - Freeze                         Ice                          1
   b - Throw Frost                    Conjuration/Ice              2
   c - Ozocubu's Armour               Charms/Ice                   3
   d - Throw Icicle                   Conjuration/Ice              4
   e - Summon Ice Beast               Ice/Summoning                4


   Skills:
 - Level 2.1 Dodging
 - Level 3.0 Stealth
 + Level 2.6 Spellcasting
 - Level 0.6 Conjurations
 * Level 4.1 Ice Magic


You had 4 spell levels left.
You knew the following spells:

 Your Spells              Type           Power        Failure   Level  Hunger
a - Freeze                Ice            ###.         3%          1    #......
b - Throw Frost           Conj/Ice       ##....       12%         2    ##.....


Dungeon Overview and Level Annotations

Branches:
Dungeon (2/15)

Altars:


Innate Abilities, Weirdness & Mutations

You have razor-sharp teeth.
You have supernaturally acute eyesight. (SInv)
You can survive without breathing.


Message History

* * * LOW HITPOINT WARNING * * *
Casting: Freeze
Confirm with . or Enter, or press ? or * to list all spells.
Aiming: Freeze
Press: ? - help, Shift-Dir - straight line, f - adder
Aim: an adder (lightly wounded)
You freeze the adder.
The adder is moderately wounded.
You feel sick. The adder closely misses you.
Casting: Freeze
Confirm with . or Enter, or press ? or * to list all spells.
Aiming: Freeze
Press: ? - help, Shift-Dir - straight line, f/p - adder
Aim: an adder (moderately wounded)
You freeze the adder.
The adder seems to slow down.
The adder is heavily wounded.
The adder bites you.
* * * LOW HITPOINT WARNING * * *
The adder bites you.
You die...

#..# #.....####.# #. #..##
##.#.....#.#####. ####...###
#.#..##.#.......
#....#...####.#..##.#...###.
#.##...#..#......##.##..# #.
#.##.###....##...#......# #.
#.##.##..#.##....#......# #.
#.##.#..##S#.........#..# #.
#.##.#.##wS@..##.#...#..####
#.#.......###.##.....>......
#.#.#.....# #.#####..##.#...
#.#...##>.###......).##.#.##
#.######.............##.#.#
#.#...........#####..##.#รท#
#.#.###.........# #..##.#.##
#.#.###..##.#.#>###.......##
#......................)####


You could see 2 adders and a dart slug.

Vanquished Creatures
  2 gnolls (D:2)
  An ooze (D:1)
  3 dart slugs
  2 giant geckos (D:1)
  2 goblins (D:1)
  2 hobgoblins
  2 bats
  2 giant newts
  A kobold (D:1)
  5 rats (D:1)
22 creatures vanquished.

Notes
Turn   | Place    | Note
-------+----------+-------------------------------------------
     0 | D:1      | Kugarra the Vampire Ice Elementalist began the quest for the Orb.
     0 | D:1      | Reached XP level 1. HP: 13/13 MP: 3/3
   139 | D:1      | Reached XP level 2. HP: 9/19 MP: 0/5
   247 | D:1      | Learned a level 2 spell: Throw Frost
   765 | D:2      | Reached XP level 3. HP: 22/24 MP: 6/6
   787 | D:2      | Reached skill level 4 in Ice Magic
   858 | D:1      | Slain by an adder

Vault maps used:
D:1:      lightli_arrival_statue_moat, minmay_pentomino_w2
D:2:      first_bread, tgw_kikubaaqudgha, uniq_natasha

Skill      XL: |  1  2  3 |
---------------+----------+-----
Ice Magic      | 4 |  4.1
Dodging        | |  2.1
Stealth        | |  3.0
Spellcasting   | |  2.6
Conjurations   | |  0.6

Action                   || total
-------------------------++-------
Melee: Dagger            ||     5
       Bite              ||     1
 Cast: Freeze            ||    34
  Use: Scroll            ||     3
 Stab: Sleeping          ||     4
Armor: Robe              ||     5
Dodge: Dodged            ||    18
